 Dungeon Crawl Stone Soup version 0.31-a0-702-gf82c85558f (webtiles) character file.

Game seed: 2843192809305981449

133 qw the Shooter (level 5, -20/32 HPs)
             Began as a Gargoyle Hunter on Sept 8, 2023.
             Demolished by an ogre
             ... wielding a +0 giant club
              (30 damage)
             ... on level 4 of the Dungeon.
             The game lasted 00:00:47 (1884 turns).

qw the Shooter (Gargoyle Hunter)                    Turns: 1884, Time: 00:00:48

Health: -20/32     AC:  7    Str: 13    XL:     5   Next: 16%
Magic:  5/5        EV: 12    Int:  9    God:
Gold:   154        SH:  0    Dex: 25    Spells: 4/4 levels left

rFire   . . .        Y - +0 shortbow
rCold   . . .        (shield currently unavailable)
rNeg    + . .        c - +0 leather armour
rPois   inf          (helmet restricted)
rElec   +            (no cloak)
rCorr   .            (no gloves)
SInv    .            (no boots)
Will    .....        (no amulet)
Stlth   ++           d - +6 ring of dexterity
HPRegen 0.25/turn    (no ring)
MPRegen 0.09/turn

%: no passive effects
@: no status effects
A: sickness immunity, AC +4, negative energy resistance 1, electricity
resistance, torment resistance 1, petrification resistance, horns 1, agile 1
a: no special abilities


You were on level 4 of the Dungeon.
You visited 1 branch of the dungeon, and saw 4 of its levels.

You collected 154 gold pieces.


Innate Abilities, Weirdness & Mutations

You are immune to sickness and miasma.
Your stone body is resilient. (AC +4)
You are immune to poison.
You resist negative energy. (rN+)
You are resistant to electric shocks. (rElec)
You are resistant to unholy torment.
You are immune to petrification.
You have a pair of small horns on your head.
You are agile. (Dex +4, Str/Int -1)


   Skills:
 - Level 3.1 Fighting
 + Level 5.7 Ranged Weapons
 - Level 2.0 Dodging
 - Level 1.1 Stealth


You had 4 spell levels left.
You didn't know any spells.
Your spell library was empty.

Inventory:

Hand Weapons
 Y - a +0 shortbow (weapon)
Armour
 c - a +0 leather armour (worn)
Jewellery
 d - a +6 ring of dexterity (left hand)
Potions
 a - a potion of mutation
 e - a potion of degeneration {unknown}
 f - a potion of heal wounds {unknown}
 g - a potion of haste {unknown}
 h - a potion of curing {unknown}
 i - a potion of attraction {unknown}

Dungeon Overview and Level Annotations

Branches:
Dungeon (4/15)
 Temple: D:4-7

Altars:
Ru


Message History

You kill the shadow imp!
You start resting.
An ogre is nearby!
You shoot an arrow. The ogre shouts!
The arrow hits the ogre but does no damage.
You shoot an arrow. The arrow completely misses the ogre.
An ufetubus comes into view.
You shoot an arrow.
The arrow hits the ufetubus but does no damage.
You shoot an arrow. The arrow barely misses the ufetubus.
The arrow hits the ogre!
The ogre is heavily wounded.
The ufetubus barely misses you. The ufetubus closely misses you. x3
You shoot an arrow. The arrow closely misses the ufetubus.
The arrow hits the ogre!
The ogre is almost dead.
The ufetubus misses you. The ufetubus hits you. The ufetubus barely misses you.
The ufetubus hits you but does no damage.
You shoot an arrow. The arrow hits the ufetubus.
The ufetubus is moderately wounded.
The ufetubus hits you but does no damage.
The ufetubus misses you. The ufetubus barely misses you. The ufetubus hits you.
You shoot an arrow. The arrow hits the ufetubus.
The ufetubus is heavily wounded.
The ufetubus hits you but does no damage.
The ufetubus misses you. The ogre hits you with a +0 giant club!
You shoot an arrow.
The arrow hits the ogre but does no damage.
The ogre is almost dead.
The ufetubus hits you but does no damage.
The ufetubus barely misses you.
The ufetubus hits you but does no damage.
The ufetubus barely misses you.
You shoot an arrow. The arrow barely misses the ogre.
The ufetubus hits you but does no damage.
The ufetubus barely misses you.
The ogre hits you with a +0 giant club!!
Ouch! That really hurt!
You die...

...## ##....###
. #.#.....#..
##.#........
#...........
#..........O
##..........
##..O5# ..
##...@##....
#.....##....
##.).........
#...##.......
#...#.#....#.
#.....###.##
###...########
#.
###....#..#.#...
#.#.............


You could see an ogre and an ufetubus.

Vanquished Creatures
  2 adders
  2 shadow imps (D:4)
  A white imp (D:4)
  4 ufetubi
  2 dart slugs (D:1)
  5 bats
  6 endoplasms
  3 giant cockroaches
  7 hobgoblins
  6 jackals
  7 kobolds
  2 quokkas (D:1)
  7 ball pythons
  8 goblins
  2 rats
64 creatures vanquished.

Notes
Turn   | Place    | Note
-------+----------+-------------------------------------------
     0 | D:1      | qw the Gargoyle Hunter began the quest for the Orb.
     0 | D:1      | Reached XP level 1. HP: 12/12 MP: 1/1
     0 | D:1      | 0 ||| qw: Version: 0.3-a-76-g4403597
     0 | D:1      | 0 ||| qw: Game counter: 1127
     0 | D:1      | 0 ||| qw: Melee chars always use a shield: true
     0 | D:1      | 0 ||| qw: God list: Okawaru
     0 | D:1      | 0 ||| qw: Allow faded altars: false
     0 | D:1      | 0 ||| qw: Do Orc after clearing Dungeon:15 true
     0 | D:1      | 0 ||| qw: Do second Lair branch before Depths: true
     0 | D:1      | 0 ||| qw: Lair rune preference: random
     0 | D:1      | 0 ||| qw: Goals: Normal
     0 | D:1      | 0 ||| PLANNING D:1-11
    73 | D:1      | Reached XP level 2. HP: 17/17 MP: 2/2
   341 | D:1      | Reached XP level 3. HP: 19/21 MP: 3/3
   496 | D:1      | Reached skill level 5 in Ranged Weapons
   535 | D:1      | 535 ||| UPGRADING to +6 ring of dexterity.
   536 | D:1      | 536 ||| READING scroll labelled WATEIPN RUPNI.
   537 | D:1      | 537 ||| READING scroll labelled KUVAECV YPSAI.
   538 | D:1      | 538 ||| READING scroll labelled JAAPAULEZU.
   539 | D:1      | 539 ||| DROPPING scroll of butterflies.
   832 | D:2      | Reached skill level 3 in Fighting
   839 | D:2      | Reached XP level 4. HP: 28/28 MP: 4/4
   931 | D:2      | Found a sacrificial altar of Ru.
  1165 | D:2      | 1165 ||| READING scroll labelled ESISEUJEFU.
  1166 | D:2      | 1166 ||| READING scroll labelled IRIURA SENA.
  1167 | D:2      | 1167 ||| DRINKING 2 bubbling emerald potions.
  1167 | D:2      | Gained mutation: You are agile. (Dex +4, Str/Int -1)
                  | [potion of mutation]
  1167 | D:2      | Gained mutation: You have a pair of small horns on your
                  | head. [potion of mutation]
  1663 | D:3      | 1663 ||| READING 2 scrolls labelled QEJESU TYAJYOR.
  1678 | D:4      | 1678 ||| STAIRDANCE
  1689 | D:4      | 1689 ||| Stepping ~*~*~tactically~*~*~ (outnumbered).
  1701 | D:4      | HP: 6/28 [ufetubus (3)]
  1702 | D:4      | 1702 ||| READING scroll of teleportation.
  1864 | D:4      | Noticed an ogre
  1865 | D:4      | Reached XP level 5. HP: 25/32 MP: 5/5
  1865 | D:4      | 1865 ||| RETREATING.
  1884 | D:4      | Demolished by an ogre

Levels and vault maps discovered:
D:1:      dpeg_arrival_short_road, layout_basic, kennysheep_minor_cross,
          nicolae_the_louvre
D:2:      cheibrodos_old_hovel, layout_loops_ring, basic_altar,
          minmay_crystal_room, grunt_ministairs_3, minmay_misc_feat_five,
          minmay_tetromino_l2
D:3:      layout_rooms, kennysheep_generic_room_3
D:4:      layout_cave_pools, mainiacjoe_overflow_alcove_2, serial_demonic,
          serial_demonic_d, serial_demonic_e, serial_demonic_c, serial_demonic_c

Skill      XL: |  1  2  3  4 |
---------------+-------------+-----
Ranged Weapons | 5 |  5.7
Fighting       | 3 |  3.1
Dodging        | 2 |  2.0
Stealth        | |  1.1

Action                     |  1- 3 |  4- 6 || total
---------------------------+-------+-------++-------
   Fire: Shortbow          |   108 |    70 ||   178
    Use: Scroll            |     3 |     4 ||     7
         Potion            |       |     1 ||     1
 Armour: Leather armour    |    26 |    36 ||    62
  Dodge: Dodged            |    23 |    47 ||    70

Table legend:
 A = Non-vault XP
 B = Vault XP
 C = Vault XP percentage of total XP
 D = Non-vault monster count
 E = Vault monster count
 F = Vault count percentage of total count
                 A         B        C        D         E       F
            +---------+---------+-------+---------+---------+-------
      Total |     104 |      86 |  45.3 |      50 |      14 |  21.9
            +---------+---------+-------+---------+---------+-------
        D:1 |      40 |       0 |   0.0 |      20 |       0 |   0.0
        D:2 |      42 |       7 |  14.3 |      17 |       5 |  22.7
        D:3 |      13 |      22 |  62.9 |       8 |       3 |  27.3
        D:4 |       9 |      57 |  86.4 |       5 |       6 |  54.5
            +---------+---------+-------+---------+---------+-------
